 Dungeon Crawl Stone Soup version 0.29.0-7-g18a832c13a (webtiles) character file.

Game seed: 10657787195933331225

48 GigaChad the Grave Robber (level 3, 0/26 HPs)
             Began as a Gnoll Necromancer on Aug 30, 2022.
             Slain by a jackal (2 damage)
             ... on level 3 of the Dungeon.
             The game lasted 00:06:38 (1685 turns).

GigaChad the Grave Robber (Gnoll Necromancer)       Turns: 1685, Time: 00:06:38

Health: 0/26       AC:  2    Str:  9    XL:     3   Next: 72%
Magic:  6/9        EV: 13    Int: 14    God:
Gold:   67         SH:  0    Dex: 12    Spells: 11/12 levels left

rFire   . . .      SeeInvis .   h - +2 dagger (speed)
rCold   . . .      Faith    .   (no shield)
rNeg    . . .      Spirit   .   a - +0 robe
rPois   .          Reflect  .   (no helmet)
rElec   .          Harm     .   (no cloak)
rCorr   .          Rampage  .   (no gloves)
Will    .....                   (no boots)
Stlth   ++........              (no amulet)
HPRegen 0.08/turn               (no ring)
MPRegen 0.11/turn               (no ring)

@: no status effects
A: fangs 1, strong nose, distributed training
a: no special abilities


You were on level 3 of the Dungeon.
You visited 1 branch of the dungeon, and saw 3 of its levels.

You collected 67 gold pieces.

Inventory:

Hand Weapons
 h - a +2 dagger of speed (weapon)
Armour
 a - a +0 robe (worn)
Magical Staves
 d - a staff of earth
 i - a staff of conjuration
Scrolls
 c - 4 scrolls of teleportation
 e - a scroll of enchant armour {unknown}
 g - 2 scrolls of noise
Potions
 b - a potion of magic
 f - 2 potions of resistance {unknown}
 j - a potion of might {unknown}
 k - a potion of haste {unknown}
 l - a potion of brilliance {unknown}
 m - a potion of degeneration {unknown}


   Skills:
 + Level 1.0 Fighting
 + Level 1.0 Short Blades
 + Level 1.0 Long Blades
 + Level 1.0 Axes
 + Level 1.0 Maces & Flails
 + Level 1.0 Polearms
 + Level 1.0 Staves
 + Level 1.0 Ranged Weapons
 + Level 1.0 Throwing
 + Level 1.0 Armour
 + Level 4.6 Dodging
 + Level 4.2 Stealth
 + Level 1.0 Shields
 + Level 1.0 Unarmed Combat
 + Level 5.0 Spellcasting
 + Level 0.7 Conjurations
 + Level 0.7 Hexes
 + Level 0.7 Summonings
 + Level 7.1 Necromancy
 + Level 0.7 Translocations
 + Level 0.7 Transmutations
 + Level 0.7 Fire Magic
 + Level 0.7 Ice Magic
 + Level 0.7 Air Magic
 + Level 0.7 Earth Magic
 + Level 0.7 Poison Magic
 + Level 1.0 Invocations
 + Level 1.0 Evocations


You had 11 spell levels left.
You knew the following spells:

 Your Spells              Type           Power      Damage    Failure   Level
a - Necrotise             Necr           92%        1d8       1%          1

Your spell library contained the following spells:

 Spells                   Type           Power      Damage    Failure   Level
 Vampiric Draining        Necr           23%        2d7       2%          3
 Animate Dead             Necr           23%        N/A       10%         4
 Summon Small Mammal      Summ           20%        N/A       13%         1
 Agony                    Necr           23%        N/A       26%         5
 Call Canine Familiar     Summ           5%         N/A       36%         3
 Summon Guardian Golem    Hex/Summ       5%         N/A       36%         3


Dungeon Overview and Level Annotations

Branches:
Dungeon (3/15)

Altars:


Innate Abilities, Weirdness & Mutations

You have very sharp teeth.
Your uncanny sense of smell can sniff out nearby items.
Your experience applies equally to all skills.


Message History

Your Axes skill increases to level 1!
Your Maces & Flails skill increases to level 1!
Your Polearms skill increases to level 1!
Your Staves skill increases to level 1!
Your Ranged Weapons skill increases to level 1!
Your Throwing skill increases to level 1!
Your Armour skill increases to level 1!
Your Shields skill increases to level 1!
Your Unarmed Combat skill increases to level 1!
Your Evocations skill increases to level 1!
Found a leather armour.
Your orc skeleton hits the orc.
Things that are here:
a +0 flail; 3 boomerangs; a +0 chain mail You are too injured to fight recklessly!
Your hands tingle!
h - a +2 dagger of speed (weapon)
You hit the orc.
The orc is moderately wounded.
The jackal pauses to sniff the ground.
The jackal barely misses you. The orc barely misses you.
The orc hits you but does no damage.
You hit the orc but do no damage.
The orc is moderately wounded.
The jackal barely misses you.
You hit the orc.
The orc is heavily wounded.
The orc hits you with a +0 club.
* * * LOW HITPOINT WARNING * * *
Your orc skeleton hits the orc.
The orc hits you but does no damage. The jackal misses you.
You hit the orc.
You kill the orc!
The jackal closely misses you.
The orc hits you from afar with a +0 trident.
* * * LOW HITPOINT WARNING * * *
You hit the adder.
The adder is lightly wounded.
Your orc skeleton closely misses the orc.
The adder bites you but does no damage. The jackal bites you.
You die...

## .. ##
.#..
##.#.###.
#........
#.....###
#Z..[....
...####@#
......hS#
......ho..#
.....#.Z#.#
∆
.)...#......
.... ..##
### ... ...
... ... #.#.


You could see an adder (ally target), an orc (ally target), 2 jackals and 2
friendly orc skeletons.

Vanquished Creatures
  A worm (D:2)
  3 orcs (D:3)
  7 bats
  2 endoplasms
  A giant cockroach (D:1)
  5 goblins
  4 hobgoblins
  2 kobolds
  3 quokkas
  2 ball pythons
  2 frilled lizards (D:1)
  3 rats
35 creatures vanquished.

Vanquished Creatures (collateral kills)
  A goblin (D:2)
  A rat (D:2)
2 creatures vanquished.

Grand Total: 37 creatures vanquished

Notes
Turn   | Place    | Note
-------+----------+-------------------------------------------
     0 | D:1      | GigaChad the Gnoll Necromancer began the quest for the Orb.
     0 | D:1      | Reached XP level 1. HP: 13/13 MP: 6/6
   253 | D:1      | Reached XP level 2. HP: 19/19 MP: 4/7
  1038 | D:2      | Reached skill level 5 in Spellcasting
  1038 | D:2      | Reached XP level 3. HP: 25/25 MP: 0/9
  1304 | D:2      | Reached skill level 1 in Invocations
  1516 | D:2      | Found a faded altar of an unknown god.
  1679 | D:3      | Reached skill level 1 in Fighting
  1679 | D:3      | Reached skill level 1 in Short Blades
  1679 | D:3      | Reached skill level 1 in Long Blades
  1679 | D:3      | Reached skill level 1 in Axes
  1679 | D:3      | Reached skill level 1 in Maces & Flails
  1679 | D:3      | Reached skill level 1 in Polearms
  1679 | D:3      | Reached skill level 1 in Staves
  1679 | D:3      | Reached skill level 1 in Ranged Weapons
  1679 | D:3      | Reached skill level 1 in Throwing
  1679 | D:3      | Reached skill level 1 in Armour
  1679 | D:3      | Reached skill level 1 in Shields
  1679 | D:3      | Reached skill level 1 in Unarmed Combat
  1679 | D:3      | Reached skill level 1 in Evocations
  1685 | D:3      | Slain by a jackal

Illustrated notes

Levels and vault maps discovered:
D:1:      eino_arrival_water_cross, layout_basic, minivault_14, minmay_3d_cube
D:2:      minmay_evil_eye, layout_rooms, shapermc_ecumenical_altar_notcrosses
D:3:      layout_loops_cross, nicolae_ru_the_path_less_chosen,
          gup_sewer_entry_pipe

Skill      XL: |  1  2  3 |
---------------+----------+-----
Spellcasting   | 5 |  5.0
Invocations    | 1 |  1.0
Fighting       | 1 |  1.0
Short Blades   | 1 |  1.0
Long Blades    | 1 |  1.0
Axes           | 1 |  1.0
Maces & Flails | 1 |  1.0
Polearms       | 1 |  1.0
Staves         | 1 |  1.0
Ranged Weapons | 1 |  1.0
Throwing       | 1 |  1.0
Armour         | 1 |  1.0
Shields        | 1 |  1.0
Unarmed Combat | 1 |  1.0
Evocations     | 1 |  1.0
Dodging        | |  4.6
Stealth        | |  4.2
Conjurations   | |  0.7
Hexes          | |  0.7
Summonings     | |  0.7
Necromancy     | |  7.1
Translocations | |  0.7
Transmutations | |  0.7
Fire Magic     | |  0.7
Ice Magic      | |  0.7
Air Magic      | |  0.7
Earth Magic    | |  0.7
Poison Magic   | |  0.7

Action                   || total
-------------------------++-------
Melee: Dagger            ||     5
 Cast: Necrotise         ||    59
  Use: Scroll            ||     3
Armor: Robe              ||     4
Dodge: Dodged            ||    23
